Map: Newkirk Precinct TE (Void)

Players

dimOK

  • Race: Terran Terran
  • League: Diamond
  • Spawn Location: 7:00

Trizztein - Winner!

  • Race: Terran Terran
  • League: Diamond
  • Spawn Location: 5:00

VOD

Have the link to the VOD?

Description

Time

  • Played on: Dec. 15, 2016, 6:32 p.m.
  • Length: 14:21
Show
View Real Time Build Order
Export as new Build Order

dimOK Terran 

Build Orders: Reaper Expand 

Get SALT Encoding   

  12  0:00  SCV  
  13  0:13  SCV  
  14  0:19  Supply Depot  
  14  0:25  SCV  
  15  0:29  Refinery  
  15  0:40  SCV  
  16  0:45  Barracks  
  16  0:52  SCV  
  17  1:04  SCV  
  18  1:17  SCV  
  19  1:32  Orbital Command  
  19  1:33  Reaper  
  20  1:51  Command Center  
  20  2:05  SCV, Barracks Reactor  
  21  2:11  Factory  
  21  2:15  Supply Depot  
  21  2:18  SCV  
  22  2:30  SCV  
  22  2:42  SCV  
  23  2:47  Refinery  
  23  2:48  Marine x2  
  25  2:58  SCV, Supply Depot  
  26  2:59  Factory Tech Lab  
  26  3:02  Starport  
  26  3:06  Orbital Command  
  26  3:08  Marine  
  26  3:10  Marine  
  28  3:14  SCV  
  29  3:26  SCV  
  30  3:28  Marine x2  
  30  3:30  Siege Tank  
  30  3:33  SCV  
  36  3:38  SCV  
  37  3:42  Engineering Bay  
  37  3:45  SCV  
  38  3:49  Medivac  
  38  3:52  SCV  
  41  3:58  SCV  
  41  3:59  Supply Depot  
  42  4:04  SCV  
  42  4:05  Marine x2  
  45  4:12  Siege Tank  
  45  4:13  SCV  
  49  4:19  Supply Depot  
  49  4:20  Refinery  
  49  4:29  Viking  
  49  4:30  Marine x2  
  53  4:31  SCV x2  
  53  4:37  Missile Turret  
  55  4:43  SCV x2  
  57  4:47  Siege Tank  
  57  4:48  Barracks  
  57  4:49  Marine  
  54  5:14  Marine x2  
  54  5:16  SCV x2, Viking  
  60  5:22  Siege Tank  
  63  5:28  SCV  
  63  5:29  SCV  
  65  5:38  Command Center  
  65  5:40  SCV, Marine x3  
  65  5:41  SCV  
  70  5:46  Starport Reactor  
  70  5:48  Supply Depot  
  70  5:49  Terran Infantry Weapons Level 1  
  70  5:57  Supply Depot  
  70  5:59  Supply Depot  
  70  6:01  Barracks Tech Lab  
  70  6:09  Marine x2  
  70  6:10  Siege Tank, SCV x2  
  77  6:21  Marine, Barracks  
  77  6:22  Stimpack, SCV x2  
  77  6:24  Viking  
  82  6:27  Marine x2  
  82  6:30  Supply Depot  
  84  6:34  SCV x2  
  84  6:39  Marine  
  87  6:42  Siege Tank  
  87  6:45  Marine x2  
  87  6:46  SCV x2  
  94  6:52  Orbital Command  
  94  6:56  Marine  
  94  6:58  SCV x2  
  97  7:03  Marine  
  95  7:10  SCV  
  95  7:14  Orbital Command, Siege Tank  
  95  7:29  Marine x3  
  98  7:31  Viking  
  99  7:46  Supply Depot  
  99  7:48  Supply Depot  
  98  8:04  Marine  
  93  8:07  Siege Tank  
  93  8:11  Marine x2  
  90  8:22  Marine  
  83  8:36  Marine  
  83  8:39  Siege Tank  
  83  8:40  Orbital Command  
  87  8:47  Viking  
  89  9:02  Marine x2  
  84  9:08  Marine  
  75  9:11  Marine  
  76  9:19  Marine  
  76  9:20  Marine  
  75  9:26  Marine  
  75  9:29  Marine  
  77  9:31  Siege Tank  
  77  9:37  Marine x2  
  76  10:06  Marine x3  
  76  10:07  Marine  
  79  10:08  SCV x2  
  79  10:14  SCV  
  76  10:17  Barracks x2  
  76  10:20  SCV  
  76  10:21  SCV  
  76  10:24  Marine x2  
  74  10:30  SCV  
  74  10:33  SCV x2  
  75  10:36  Marine x2  
  75  10:40  Siege Tank  
  75  10:42  SCV, Marine x2  
  81  10:43  Viking  
  81  10:45  SCV x2  
  85  10:54  SCV, Marine x2  
  89  10:57  SCV x2  
  89  11:00  Marine  
  89  11:01  Refinery  
  91  11:05  Refinery  
  91  11:06  Marine x3, SCV  
  91  11:07  Refinery  
  91  11:09  SCV x2  
  91  11:10  Refinery  
  97  11:12  Marine x2  
  97  11:14  Refinery  
  97  11:17  Viking  
  101  11:22  SCV, Marine  
  101  11:23  SCV  
  101  11:24  Marine x3  
  100  11:29  Marine  
  97  11:35  Command Center  
  97  11:45  Supply Depot  
  97  11:46  Supply Depot  
  97  11:47  Supply Depot  
  97  12:06  Marine x6  
  97  12:07  SCV  
  97  12:08  SCV  
  95  12:13  Siege Tank  
  95  12:14  Starport Reactor  
  98  12:19  SCV  
  98  12:20  SCV  
  100  12:24  Marine x4  
  100  12:26  Marine x2  
  106  12:31  SCV  
  107  12:42  Marine x3  
  110  12:46  Siege Tank, Marine x2  
  110  12:49  Marine  
  110  12:51  Orbital Command  
  111  12:53  SCV  
  111  13:00  Marine x2  
  113  13:05  Marine  
  113  13:06  Marine x2  
  113  13:07  Marine  
  113  13:08  SCV, Viking x2  
  113  13:09  SCV  
  123  13:20  Marine  
  123  13:21  SCV  
  123  13:24  Marine, SCV  
  123  13:25  Marine x2  
  123  13:26  Siege Tank  
  107  13:34  Marine x2  
  107  13:38  Marine  
  110  13:41  Viking x2  
  110  13:42  Marine, SCV x2  
  110  13:43  Marine x2  
  110  13:46  Refinery  
  110  13:47  SCV  
  120  13:52  Marine x2  
  120  13:54  SCV x2  
  124  13:59  SCV  
Show
View Real Time Build Order
Export as new Build Order

Trizztein Terran - Winner!

Build Orders: Reaper Expand, Mech 

Get SALT Encoding   

  12  0:00  SCV  
  13  0:12  SCV  
  14  0:18  Supply Depot  
  14  0:24  SCV  
  15  0:40  SCV  
  16  0:43  Barracks  
  16  0:46  Refinery  
  16  0:52  SCV  
  17  1:04  SCV  
  18  1:16  SCV  
  19  1:30  Orbital Command  
  19  1:31  Reaper  
  20  1:48  Command Center  
  20  1:58  SCV  
  20  2:00  Supply Depot  
  21  2:09  Marine  
  23  2:15  SCV  
  23  2:17  Refinery  
  23  2:24  Factory  
  23  2:37  Bunker  
  23  2:38  SCV  
  24  2:47  Barracks Reactor  
  24  2:50  SCV  
  25  3:00  Orbital Command  
  25  3:02  SCV  
  26  3:06  Refinery  
  26  3:09  Factory Tech Lab  
  26  3:12  Starport  
  26  3:14  SCV  
  27  3:23  Marine  
  27  3:24  Marine  
  27  3:26  SCV  
  30  3:30  Siege Tank  
  30  3:33  SCV  
  34  3:38  SCV  
  35  3:42  Marine x2  
  35  3:46  SCV  
  38  3:50  SCV  
  38  3:53  Starport Tech Lab  
  39  3:57  Supply Depot  
  39  3:58  SCV  
  39  4:02  SCV, Supply Depot  
  44  4:10  Siege Tank, SCV  
  44  4:14  SCV  
  46  4:19  Raven  
  46  4:22  SCV  
  46  4:23  Marine x2  
  51  4:26  SCV  
  52  4:34  SCV  
  52  4:36  Supply Depot  
  53  4:38  SCV  
  53  4:43  Siege Tank, Marine x2  
  59  4:46  SCV  
  59  4:51  SCV  
  61  4:58  SCV  
  55  5:16  SCV x2  
  57  5:21  Command Center  
  57  5:25  Refinery  
  57  5:27  Supply Depot  
  57  5:28  SCV x2  
  59  5:36  Siege Tank  
  59  5:40  SCV x2  
  59  5:42  Medivac x2  
  68  5:51  Supply Depot  
  68  5:52  SCV  
  68  5:53  SCV  
  70  6:05  SCV x2  
  70  6:07  Armory  
  70  6:08  Engineering Bay  
  72  6:13  Supply Depot  
  72  6:14  Viking x2  
  72  6:15  Supply Depot  
  72  6:17  SCV x2  
  78  6:31  SCV x2  
  80  6:33  Orbital Command  
  80  6:38  Supply Depot  
  80  6:39  Supply Depot  
  80  6:43  SCV x2, Factory  
  82  6:47  Factory  
  82  6:48  Refinery, Viking  
  82  6:50  Refinery  
  84  6:55  SCV  
  85  7:09  Cyclone  
  85  7:10  Viking  
  85  7:13  Terran Vehicle Weapons Level 1  
  90  7:19  Viking  
  94  7:34  Hellion  
  95  7:38  Marine  
  95  7:40  Factory Reactor  
  95  7:41  Cyclone  
  97  7:46  Cyclone  
  100  7:55  Hellion  
  100  7:56  Marine  
  103  8:03  Viking x2  
  101  8:13  SCV x2  
  101  8:15  Siege Tank  
  101  8:17  Cyclone  
  104  8:31  Hellion  
  104  8:33  Viking  
  108  8:39  Viking  
  108  8:40  SCV x2  
  112  8:46  SCV  
  112  8:48  Hellion  
  112  8:49  Hellion  
  112  8:52  Hellion  
  97  9:03  Viking  
  97  9:09  Cyclone  
  96  9:10  Cyclone  
  98  9:41  Siege Tank  
  98  9:42  Cyclone, SCV x2  
  106  9:50  Factory Reactor  
  106  9:51  Barracks Reactor  
  106  9:52  Cyclone  
  106  9:54  SCV x2  
  104  10:13  Hellion  
  103  10:14  Cyclone  
  106  10:32  SCV x2  
  106  10:35  Hellion, Viking x2  
  110  10:36  Factory  
  110  10:37  Factory  
  110  10:38  Cyclone x2  
  110  10:44  SCV  
  110  10:47  Hellion  
  113  10:56  Hellion  
  115  11:04  Terran Vehicle Weapons Level 2  
  115  11:08  Cyclone  
  118  11:20  Command Center  
  118  11:36  Factory Tech Lab  
  118  11:37  Factory Tech Lab  
  118  11:42  Factory Reactor  
  118  12:18  Refinery  
  118  12:24  Refinery  
  118  12:32  Cyclone x2, Siege Tank, SCV x2, Viking  
  118  12:34  Supply Depot  
  118  12:35  Supply Depot  
  118  12:36  Cyclone, Supply Depot  
  133  12:40  Cyclone x2  
  139  12:44  SCV  
  139  12:47  Cyclone  
  139  12:53  SCV  
  139  12:56  SCV  
  141  13:01  Planetary Fortress  
  141  13:04  Siege Tank  
  141  13:05  SCV  
  145  13:08  SCV  
  145  13:10  Hellion x2  
  148  13:22  Command Center  
  135  13:42  SCV x2  
  137  13:50  Hellion x3  
  137  13:55  Command Center  
Tags
 
Add a new tag
Caveats
  • Supply blocks, unpowered buildings, or Contaminate may cause inaccurate times.
  • Supply counts are checked every 10 seconds.